 Dungeon Crawl Stone Soup version 0.19-a0-559-ga3d69d0 (webtiles) character file.

23 wvc the Ogre Mage (level 3, 0/35 HPs)
             Began as an Ogre Wanderer on June 8, 2016.
             Slain by a hobgoblin (3 damage)
             ... on level 1 of the Dungeon.
             The game lasted 00:01:34 (1174 turns).

wvc the Ogre Mage (Ogre Wanderer)                   Turns: 1174, Time: 00:01:35

Health: 0/35       AC:  3    Str: 16    XL:     3   Next: 0%
Magic:  9/9        EV:  9    Int: 14    God:
Gold:   25         SH:  0    Dex:  8    Spells: 0 memorised, 11 levels left

rFire  . . .     SeeInvis .     e - +0 club
rCold  . . .     Gourm    .     d - +0 robe
rNeg   . . .     Faith    .     (no shield)
rPois  .         Spirit   .     (helmet restricted)
rElec  .         Dismiss  .     (no cloak)
rCorr  .         Reflect  .     (gloves unavailable)
SustAt .         Harm     .     (boots unavailable)
MR     .....                    (no amulet)
Stlth  +.........               (no ring)
                                (no ring)

@: not resistant to hostile enchantments, very unstealthy
A: unfitting armour, tough skin 1
a: no special abilities


You were on level 1 of the Dungeon.
You were not hungry.

You visited 1 branch of the dungeon, and saw 1 of its levels.

You collected 25 gold pieces.

Inventory:

Hand Weapons
 e - a +0 club (weapon)
Armour
 d - a +0 robe (worn)
Scrolls
 i - a scroll of enchant weapon {unknown}
 j - a scroll of fear {unknown}
 k - a scroll of identify {unknown}
Potions
 c - 2 potions of curing
 h - 2 potions of haste {unknown}
Books
 a - a book of Conjurations

   Spells                             Type                      Level
   a - Magic Dart                     Conjuration                  1
   b - Searing Ray                    Conjuration                  2
   c - Dazzling Spray                 Conjuration/Hexes            3
   d - Fulminant Prism                Conjuration/Hexes            4
   e - Iskenderun's Mystic Blast      Conjuration                  4
   f - Iskenderun's Battlesphere      Conjuration/Charms           5
 b - the Guide on the Mountains

   Spells                             Type                      Level
   a - Sandblast                      Earth                        1
   b - Stone Arrow                    Conjuration/Earth            3
Comestibles
 f - 2 bread rations


   Skills:
 + Level 2.2 Fighting
 + Level 2.2 Maces & Flails
 - Level 1.0 Throwing
 - Level 4.8 Spellcasting
   Level 1.0 Conjurations
   Level 1.3 Fire Magic
   Level 1.0 Poison Magic
   Level 1.0 Evocations


You had 11 spell levels left.
You didn't know any spells.

Dungeon Overview and Level Annotations

Branches:
Dungeon (1/15)

Altars:


Innate Abilities, Weirdness & Mutations

You are too large for most types of armour.
You have tough skin. (AC +1)


Message History

You have reached level 3!
Your experience leads to an increase in your attributes!
Increase (S)trength, (I)ntelligence, or (D)exterity?
You feel agile.
You feel stronger. The hobgoblin hits you.
* * * LOW HITPOINT WARNING * * *
You are too injured to fight recklessly!
You are too injured to fight recklessly!
You are too injured to fight recklessly!
You are too injured to fight recklessly!
You hit the hobgoblin but do no damage. The hobgoblin barely misses you.
You barely miss the hobgoblin. The hobgoblin barely misses you.
You closely miss the hobgoblin. The hobgoblin hits you.
* * * LOW HITPOINT WARNING * * *
You hit the hobgoblin but do no damage. The hobgoblin hits you.
* * * LOW HITPOINT WARNING * * *
The hobgoblin hits you.
* * * LOW HITPOINT WARNING * * *
You barely miss the hobgoblin. The hobgoblin hits you.
You die...

#.##.##.(.....#.#.###########...
#......>...........# #.#.
####.#############.# #.### #.#
#.# ## #.# ###########.# #####
####.###.........#.####......
#......†.#.##.##.#.##.#.....
#.##.##..#.##.##.#[#....####. #
#.......##..@g............
####..#....##†###....####.
#.......##.# ##.#.....
..##.......# #.#.####
############# #.# # #.# #.. ...


You could see a hobgoblin.

Vanquished Creatures
  A giant gecko (D:1)
  2 giant cockroaches (D:1)
  5 goblins (D:1)
  3 hobgoblins (D:1)
  5 bats (D:1)
  3 giant newts (D:1)
  A kobold (D:1)
20 creatures vanquished.

Notes
Turn   | Place    | Note
--------------------------------------------------------------
     0 | D:1      | wvc the Ogre Wanderer began the quest for the Orb.
     0 | D:1      | wvc set off with: a book of Conjurations, the Guide on the Mountains, a potion of curing, a +0 robe, a +0 club, a bread ration
     0 | D:1      | Reached XP level 1. HP: 16/16 MP: 6/6
     3 | D:1      | Noticed an electric eel
     3 | D:1      | Noticed an electric eel
   281 | D:1      | Reached skill level 1 in Fighting
   283 | D:1      | Reached skill level 1 in Maces & Flails
   414 | D:1      | Reached XP level 2. HP: 8/27 MP: 7/7
  1169 | D:1      | Reached XP level 3. HP: 11/35 MP: 9/9
  1174 | D:1      | Slain by a hobgoblin

Vault maps used:
D:1:      arrival_aquarium_b

Skill      XL: |  1  2 |
---------------+-------+-----
Fighting       | 1 2 |  2.2
Maces & Flails | 1 2 |  2.2
Throwing       | |  1.0
Spellcasting   | |  4.8
Conjurations   | |  1.0
Fire Magic     | |  1.3
Poison Magic   | |  1.0
Evocations     | |  1.0

Action                   || total
-------------------------++-------
Melee: Club              ||   124
  Eat: Chunk             ||     1
Armor: Robe              ||    75
Dodge: Dodged            ||    82
